← All builds
Beach sea / Armada / Economy first / OBSERVED BUILD

Standard beach sea

Armada Beach sea build order · Supreme Isthmus

Economy-first sea play: shipyard right away, a destroyer by around 5 minutes, then an Advanced Metal Extractor as the eco scales up, with later ships like corvette, frigate and submarine filling out the fleet; this is the role's baseline…

Usually shipyard first (93%)

#naval #eco · 878 distinct matches · 148 players · 72% of Armada Beach sea games · team won 50% of 946 · Recently observed

HOW TO PLAY IT

Key timing: Shipyard by 1:40, first destroyer by 4:52

  1. Open 3 mex into tidal generators for early energy.
  2. Rush Shipyard straight from the opening eco.
  3. Keep adding mex and naval energy converters to fund the fleet.
  4. Get your first destroyer out to contest the sea.
  5. Transition into Advanced Metal Extractor as eco scales.

Phase by phase

TYPICAL OF ITS 878 GAMES · AGAINST STANDARD BEACH SEA
  1. 1
  2. 2
  3. 3
PLAY THE OPENING

Follow the example game's first 6:00 step by step: what to build now, what comes next, and where it goes. At 1× it keeps pace with your own game.

  1. 1

    Up to the Shipyard

    Economy
    • Metal Extractor3Mex
    • Wind Turbine2Windfor allies+2 vs standard
    • Wind Turbine1Wind−4 vs standard
    Order
    1. ShipyardShipyard after 3 mex, 1 winddone ~1:44, middle half 1:27–2:01

    Some games also: tidal (38%) · energy storage (35%)

    By 1:27 in all: 3 mex · 1 wind (standard 5)

    The example game in this phase · 5 steps
    1. Mex ×3
    2. Wind ×3for Air
    3. Wind ×2
    4. Energy storage
    5. ShipyardShipyarddone 1:57 · typical 1:44
  2. 2

    Shipyard to 5:00

    Economy
    • Metal Extractor5Mex
    • Wind Turbine2Wind−3 vs standard
    • Tidal Generator2Tidal+2 vs standard
    Builders
    • Construction Ship2 Con ship +2 vs standard
    Army
    • Dolphin3 Dolphin +3 vs standard
    • Skater2 Skater +2 vs standard
    • Corsair1 Destroyer
    Other
    • Naval Radar / Sonar Tower1 Naval Radar / Sonar Tower

    Some games also: Harpoon (43%) · con turret (35%) · submarine (33%) · frigate (33%) · Sentry (32%)

    The standard build makes here, this one skips: 3 con hovercraft · 7 seeker

    By 5:00 in all: 8 mex · 4 wind (standard 10) · 3 tidal (standard 0)

    The example game in this phase · 27 steps
    1. Construction ShipCon ship
    2. Tidal ×2
    3. Construction ShipCon ship
    4. SkaterSkater
    5. Mex ×2
    6. SkaterSkater
    7. Mex
    8. Con turret
    9. DolphinDolphin
    10. Mex
    11. Naval Radar / Sonar TowerNaval Radar / Sonar Tower
    12. DolphinDolphin
    13. Mex
    14. DolphinDolphin
    15. HarpoonHarpoon
    16. DolphinDolphin
    17. Wind
    18. DolphinDolphin
    19. Wind
    20. Naval Radar / Sonar TowerNaval Radar / Sonar Tower
    21. Wind ×2
    22. DolphinDolphin
    23. Wind ×2
    24. DolphinDolphin
    25. Wind
    26. CorsairDestroyerdone 5:33 · typical 4:58
    27. Wind ×2
  3. 3

    5:00 to 10:00

    Economy
    • Metal Extractor1Mex−2 vs standard
    • Wind Turbine11Wind
    Builders
    • Naval Construction Turret1 Naval Construction Turret
    • Grim Reaper1 Grim Reaper
    Army
    • Sentry1 Sentry
    • Harpoon1 Harpoon
    • Dolphin3 Dolphin
    • Corsair2 Destroyer
    • Skater2 Skater
    Other
    • Naval Radar / Sonar Tower1 Naval Radar / Sonar Tower

    Some games also: con ship (48%) · frigate (46%) · Radar Tower (42%) · tidal (40%) · con turret (39%)

    By 10:00 in all: 10 mex · 16 wind (standard 23) · 4 tidal (standard 0) · 1 energy storage · 1 con turret · 1 Naval Construction Turret

    The example game in this phase · 110 steps
    1. Wind ×5
    2. HarpoonHarpoon
    3. DolphinDolphin
    4. Wind
    5. Mex
    6. Wind
    7. Mex
    8. Wind
    9. DolphinDolphin
    10. SentrySentry
    11. Converter ×3
    12. DolphinDolphin ×2
    13. Converter
    14. DolphinDolphin
    15. Converter
    16. CorsairDestroyer
    17. Wind ×2
    18. Naval Construction Turret
    19. Wind ×2
    20. Advanced Metal ExtractorT2 mexdone 7:41 · typical 10:04
    21. Wind ×2
    22. CorsairDestroyer
    23. Naval Construction Turret
    24. Wind
    25. Advanced Metal ExtractorT2 mex
    26. Wind
    27. Tidal
    28. Wind ×2
    29. SkaterSkater
    30. Grim ReaperGrim Reaper
    31. Tidal
    32. Grim ReaperGrim Reaper
    33. Tidal
    34. Wind
    35. Tidal
    36. Grim ReaperGrim Reaper
    37. Tidal
    38. Wind
    39. EelSubmarinedone 8:51
    40. Wind
    41. Advanced Metal ExtractorT2 mex
    42. Wind
    43. EelSubmarine
    44. Tidal
    45. Wind ×2
    46. Grim ReaperGrim Reaper
    47. Wind
    48. Mex
    49. Wind
    50. Grim ReaperGrim Reaper
    51. Wind ×2
    52. Mex
    53. SentrySentry
    54. Wind ×2
    55. Mex
    56. Wind ×4
    57. Naval Radar / Sonar TowerNaval Radar / Sonar Tower
    58. Naval Construction Turret ×2
    59. Tidal ×2
    60. SentrySentry
    61. Tidal ×3
    62. SentrySentry
    63. Tidal ×5
    64. Advanced ShipyardAdvanced Shipyarddone 12:15
    65. Grim ReaperGrim Reaper
    66. Advanced Construction SubAdvanced Construction Sub
    67. Grim ReaperGrim Reaper
    68. Naval Construction Turret ×3
    69. Grim ReaperGrim Reaper
    70. Naval Construction Turret
    71. VoyagerVoyager
    72. Tidal
    73. Grim ReaperGrim Reaper
    74. VoyagerVoyager
    75. Tidal
    76. Grim ReaperGrim Reaper
    77. VoyagerVoyager
    78. Con turret
    79. Grim ReaperGrim Reaper
    80. VoyagerVoyager
    81. Tidal
    82. Grim ReaperGrim Reaper
    83. Wind
    84. VoyagerVoyager
    85. Grim ReaperGrim Reaper
    86. BermudaRadar jammer ship
    87. Tidal
    88. Grim ReaperGrim Reaper
    89. Con turret
    90. DreadnoughtBattleshipdone 14:56
    91. Wind
    92. Tidal
    93. DolphinDolphin
    94. Grim ReaperGrim Reaper
    95. Advanced Metal ExtractorT2 mex
    96. Naval Advanced Metal ExtractorNaval Advanced Metal Extractordone 14:52
    97. Wind
    98. Tidal
    99. Converter ×2
    100. Construction ShipCon ship
    101. Converter
    102. Tidal
    103. Converter
    104. Wind
    105. Construction ShipCon ship
    106. Advanced Metal ExtractorT2 mex
    107. Converter
    108. Naval Energy Converter
    109. Wind
    110. Construction ShipCon ship

Counts are medians over the build's games: half of them build more, half fewer. The example game is Lexosis's (37 OS, 12/10/2026); pick another.

Team trades

IN AT LEAST 30% OF ITS GAMES

You hand over

  • Wind Turbine3 Wind to Airfirst at 1:42 · in 79% of games

You get

  • Finch1 Finch from Airfirst at 1:58 · in 78% of games
  • Lazarus1 Lazarus from Geofirst at 2:12 · in 53% of games
  • Hephaestus1 Heavy transport from Airfirst at 2:16 · in 63% of games
  • Hercules1 Light transport from Airfirst at 2:19 · in 39% of games
  • Construction Bot1 Con bot from Geofirst at 2:26 · in 69% of games
  • Advanced Construction Bot1 T2 con bot from Techfirst at 8:11 · in 88% of games

How it plays out

Typical game of this build, running totals by minute

Metal produced

010k20k30k
0:005:0010:0015:00

metal

Enemy metal destroyed

02.5k5k7.5k
0:005:0010:0015:00

metal

Own metal lost

02.5k5k7.5k
0:005:0010:0015:00

metal

946 games.

Show as table
ByMetal produced: This buildEnemy metal destroyed: This buildOwn metal lost: This build
1:0040400
2:0093800
3:00158000
4:0025205151
5:003704241150
6:005098564355
7:0065861095686
8:00815116561138
9:00977424311809
10:001162233252565
11:001369242663335
12:001604950664101
13:001847858564936
14:002126365425892
15:002391973986663
WHAT THE NUMBERS SAY

This baseline wins less than half its games, trading sea kills for losses at a similar rate to the enemy through 15 minutes.

  • + Metal production outpaces enemy destruction early, 3733 vs 255 at 5:00.
  • + Kills and losses track closely by 15:00 (8342 vs 6711), an even fight.
  • − Team wins under half of games (47%).
  • − T2 factory reached in only 34% of games, the lowest tech rate among sea roles.
THE EXAMPLE YOU ARE READING

Lexosis

37.2 OS · 12/10/2026

Open source match ↗

12 received units · includes a constructor
923 metal received · 68634 energy received

Allied construction assistance is unknown. Timings are observations, not a promise of solo reproducibility.

Typical milestones

Shipyard1:44Middle 50%: 1:27–2:01 · n=942
Corsair4:58Middle 50%: 4:20–5:56 · n=893
Advanced Metal Extractor10:04Middle 50%: 9:13–10:56 · n=794

Played most by

yeskinkot68games of this buildHummell61games of this buildTheSituation47games of this buildBlover37games of this buildTheGeneraI36games of this build